 BcadrenCrawl: Boulder Brew version 0.04.2-3-g40356c7de1 (webtiles) character file.

Game seed: 13938094002469732668, levelgen mode: deterministic

11965 diana the Warrior (level 11, -4/119 HPs) Black Draconian Gladiator. Began on Apr 26, 2021. Slain by a small abomination (35 damage) ... in a Gauntlet. The game lasted 00:15:43 (6803 turns).

diana the Warrior (Black Draconian Gladiator)       Turns: 6803, Time: 00:15:45

Health: -4/119     AC: 14    Str: 24    XL:     11 ^: 4754
Magic:  12/12      EV: 15    Int:  8    God:
Gold:   450        SH:  0    Dex: 14    Spells: 10/10 levels left

rFire    + + .     Vision   .     - Unarmed
rCold    . . .     Gourm    .     - Unarmed
rNeg     . . .     Faith    .   (armour unavailable)
rPois    .         Spirit   .   a - +0 hat
rElec    .         Reflect  .   (no cloak)
rCorr    .         Harm     .   f - +0 pair of gloves
MR       .....     NoTele   +   (no boots)
Stlth    ++++......             g - amulet of rage
HPRegen  0.49/turn              i - ring of protection
MPRegen  0.22/turn              y - ring of Voki {rF++ Str+5}

@: studying Crossbows
A: no body armour, unfitting armour, talons 1, cold-blooded, boosted crossbows
aptitude, necromancy enhancer 1, Stlth+++, AC +8
a: Breathe Negative Energy, Evoke Berserk Rage


You were in a Gauntlet.
You were not hungry.

You visited 2 branches of the dungeon, and saw 7 of its levels.
You also visited: Gauntlet.

You collected 450 gold pieces.

Inventory:

Armour
 a - a +0 hat (worn)
 f - a +0 pair of gloves (worn)
Jewellery
 g - an amulet of rage (around neck)
 i - a ring of protection (left hand)
 m - an uncursed ring of protection
 x - an uncursed ring of positive energy
 y - the ring of Voki (right hand) {rF++ Str+5}
   (You found it in a Gauntlet)

   [ring of strength]

   It affects your strength (+5).
   It greatly protects you from fire.
 C - an uncursed ring of magical power
Wands
 b - a wand of ensnaring (11)
 j - a wand of enslavement (1)
 l - a wand of scattershot (2)
 n - a wand of random effects (2)
 u - a wand of clouds (3)
 v - a wand of polymorph (2)
 z - a wand of acid (7)
 A - a wand of flame (2)
Scrolls
 d - a scroll of enchantment
 e - 3 scrolls of amnesia
 o - 2 scrolls of teleportation
 q - 4 scrolls of fear
 w - a scroll of blinking
Potions
 h - 4 potions of curing
 k - a potion of ambrosia
 p - a potion of magic
 r - 2 potions of brilliance
 s - a potion of heal wounds
 t - a potion of cancellation
 B - 2 potions of haste
 D - a potion of might
Comestibles
 c - 16 rations


   Skills:
 * Level 18.2 Fighting
 + Level 5.5 Dodging
 + Level 6.0 Unarmed Combat
 - Level 2.0 Evocations


You had 10 spell levels left.
You didn't know any spells.
Your spell library contained the following spells:

 Spells                   Type           Power        Failure   Level  Hunger
 Flame Tongue             Fire           0 (30)       41%         1    ##.....
 Blink                    Tloc           N/A          54%         2    ###....
 Call Imp                 Summ           0 (100)      54%         2    ###....
 Slow                     Hex            0 (100)      54%         2    ###....
 Conjure Flame            Fire           0 (100)      78%         3    ####...
 Mephitic Cloud           Pois/Air       0 (100)      78%         3    ####...


Dungeon Overview and Level Annotations

Branches:
Dungeon (6/8)              Temple (1/1) D:4            Lair (0/6) D:5
    Orc (0/2) D:6         Gauntlet (1/1)

Altars:
Ashenzari
Dithmenos
Elyvilon
Fedhas Madash
Gozag Ym Sagoz
Hepliaklqana
Kikubaaqudgha
Makhleb
Nemelex Xobeh
Okawaru
Qazlal
Ru
Sif Muna
Trog
Vehumet
Wu Jian
Xom
Zin
The Shining One

Shops:
D:2 *=   D:4 [   D:5 [

Annotations:
Gauntlet 7 transporters, 3 runed translucent doors


Innate Abilities, Weirdness & Mutations

You cannot fit into any form of body armour.
Your shadowy dark scales are resilient. (AC +8)
You can breathe bolts of negative energy.
You are cold-blooded and may be slowed by cold attacks.
You are naturally skilled at Crossbows (Aptitude +3).
You are in touch with the powers of death.
Your shadowy dark scales make you much more stealthy. (Stealth++)
You have sharp toenails.


Message History

The small abomination is almost destroyed. (5/86) HP The small abomination slaps you with a mass of organs, mostly eyeballs (10)!
* * * LOW HITPOINT WARNING * * *
You are engulfed in flames (4).
You partially resist.
* * * LOW HITPOINT WARNING * * *
The hell hound barks!
You hit the small abomination (4). You punch the small abomination (13)!
You destroy the small abomination!
You punch the small abomination (10)! You hit the small abomination (1).
You claw the small abomination, but do no damage.
You tail-slap the small abomination, but do no damage.
The small abomination is heavily damaged. (14/25) HP You hit the small abomination (2).
The hell hound barks!
You hit the small abomination but do no damage.
You claw the small abomination (4).
The small abomination is severely damaged. (8/25) HP The efreet picks up 2 scrolls of fog.
The small abomination slashes you (35)!!
You die...

##≈....#©.........©#....≈##
##.#########.#########.##
##≈.#x......#.#..8#8..#.≈##
#≈≈.#.####..#.#...8...#.≈≈#
##≈.#.#..##.#.#8h8.8h8#.≈##
##.#..#©.#.####8.©.8##.##
##≈.#.^##.#.#.#8.8.8.8#.≈##
#≈≈.#..^.##x#.#.○h8...#.≈≈#
##≈.#..|©).@#.#hRE©.?R#.≈##
##.#########.#########.##
#≈.....................≈#
#≈≈≈#≈≈≈#..∩.8.∩..#≈≈≈#≈≈≈#
##≈#8#≈###.......###≈#8#≈##
#######.#########.#######
##.................##
#.8.8.8.©.©.8.8.8.#
#.................#


You could see an efreet (wandering), a fire elemental (wandering), 3 hell hounds
and a small abomination.

Vanquished Creatures
  Gastronok (D:4)
  Erica (D:4)
  A thrashing horror (Gauntlet)
  A two-headed ogre (D:5)
  2 smoke demons (Gauntlet)
  A troll (D:6)
  A small abomination (Gauntlet)
  A red devil (Gauntlet)
  2 wraiths (D:5)
  A cyclops (D:6)
  Grum (D:4)
  3 war dogs (D:4)
  7 yaks
  A hungry ghost (D:6)
  Edmund (D:2)
  3 phantoms
  A porcupine (D:5)
  A water moccasin (D:5)
  2 orc warriors
  4 scorpions
  3 ice beasts
  A black bear (D:5)
  2 sky beasts
  Ijyb (D:2)
  4 ogres (D:5)
  A spectral troll (D:5)
  6 big kobolds
  A bullfrog (D:5)
  3 centaurs (D:5)
  A howler monkey (D:4)
  5 killer bees
  A quasit (D:5)
  11 wights
  5 crimson imps
  An orc priest (D:3)
  4 hounds
  7 jellies (D:2)
  7 orc wizards
  7 worker ants
  4 iguanas
  7 giant cockroaches
  A bullfrog zombie (D:6)
  3 bullfrog skeletons
  6 adders
  11 sewer rats
  A white imp (D:4)
  5 worms
  7 cinder newts
  A hound zombie (D:5)
  A hound skeleton (D:5)
  A howler monkey skeleton (D:5)
  2 oozes
  3 dart slugs (D:1)
  5 leopard geckos
  28 orcs
  5 adder skeletons
  6 ball pythons
  7 bats
  A cinder newt skeleton (D:2)
  6 goblins (D:1)
  5 hobgoblins (D:1)
  2 jackals (D:4)
  27 kobolds
  A bat skeleton (D:2)
  3 quokka skeletons
  A quokka zombie (D:5)
  8 rats (D:1)
  A rat skeleton (D:2)
  A withered plant (D:2)
267 creatures vanquished.

Vanquished Creatures (others)
  A sewer rat (D:2)
  3 kobolds (D:2)
  A slimehead (D:2)
  55 withered plants (D:2)
60 creatures vanquished.

Grand Total: 327 creatures vanquished

Notes
Turn   | Place    | Note
-------+----------+-------------------------------------------
     0 | D:1      | diana the Immature Draconian Gladiator began the quest for
                  | the Orb.
     0 | D:1      | Reached XP level 1. HP: 18/18 MP: 2/2
    27 | D:1      | Noticed an electric eel
    45 | D:1      | Reached skill level 3 in Fighting
    45 | D:1      | Reached XP level 2. HP: 27/27 MP: 3/3
    48 | D:1      | Reached skill level 4 in Fighting
    53 | D:1      | Reached XP level 3. HP: 33/34 MP: 4/4
    54 | D:1      | Gained mutation: You have sharp toenails. [potion of
                  | mutation]
   277 | D:1      | Reached skill level 5 in Fighting
   291 | D:1      | Reached XP level 4. HP: 39/42 MP: 5/5
   471 | D:1      | Identified the cursed ring of Eternal Night {Int+2 Stlth+,
                  | (Curse: Fragile)}
   531 | D:1      | Reached skill level 6 in Fighting
   768 | D:2      | Found a sparkling altar of Nemelex Xobeh.
   786 | D:2      | Reached XP level 5. HP: 51/51 MP: 6/6
   808 | D:2      | Reached skill level 7 in Fighting
   884 | D:2      | Reached XP level 6. HP: 60/61 MP: 7/7
   904 | D:2      | Reached skill level 8 in Fighting
  1081 | D:2      | Found a hazy altar of Hepliaklqana.
  1099 | D:2      | Reached skill level 9 in Fighting
  1099 | D:2      | Your scales start taking on a shadowy dark colour.
  1099 | D:2      | Reached XP level 7. HP: 63/70 MP: 8/8
  1099 | D:2      | Gained mutation: Your shadowy dark scales make you much
                  | more stealthy. (Stealth++) [Black Draconian growth]
  1099 | D:2      | Gained mutation: You are in touch with the powers of death.
                  | [Black Draconian growth]
  1413 | D:2      | Reached skill level 10 in Fighting
  1546 | D:2      | Found a glowing silver altar of Zin.
  1547 | D:2      | Found Zin's Purification Station.
  1595 | D:2      | Noticed Edmund
  1613 | D:2      | Killed Edmund
  1708 | D:2      | Found Aryinorph's Jewellery Emporium.
  1727 | D:2      | Noticed Ijyb
  1746 | D:2      | Killed Ijyb
  1746 | D:2      | Reached skill level 11 in Fighting
  1852 | D:2      | Reached XP level 8. HP: 82/82 MP: 9/9
  2650 | D:3      | Reached skill level 12 in Fighting
  3137 | D:3      | Found a stormy altar of Qazlal.
  3437 | D:4      | Found a staircase to the Ecumenical Temple.
  3437 | D:4      | Found a shadowy altar of Dithmenos.
  3439 | D:4      | Noticed Erica
  3457 | D:4      | Killed Erica
  3457 | D:4      | Reached skill level 14 in Fighting
  3457 | D:4      | Reached XP level 9. HP: 69/95 MP: 10/10
  3469 | Temple   | Entered the Ecumenical Temple
  3740 | D:4      | Noticed Gastronok
  3751 | D:4      | Killed Gastronok
  3751 | D:4      | Reached skill level 16 in Fighting
  3751 | D:4      | Gained mutation: You are naturally skilled at Crossbows
                  | (Aptitude +3). [draconic bloodline]
  3751 | D:4      | Reached XP level 10. HP: 107/107 MP: 11/11
  3783 | D:4      | Noticed Grum
  3785 | D:4      | Found a shimmering blue altar of Sif Muna.
  3807 | D:4      | Killed Grum
  3915 | D:4      | Found Luob's Antique Armour Shoppe.
  4436 | D:5      | Entered Level 5 of the Dungeon
  4483 | D:5      | Found a burning altar of Makhleb.
  4484 | D:5      | Found a shimmering altar of Xom.
  4731 | D:4      | Reached skill level 17 in Fighting
  4897 | D:5      | Found a staircase to the Lair.
  5273 | D:5      | Found a runed translucent gate.
  5273 | D:5      | Found a runed translucent gate.
  5277 | D:5      | Found a runed translucent gate.
  5329 | D:5      | Reached XP level 11. HP: 111/117 MP: 12/12
  5409 | D:5      | Found Qizicuxt's Antique Armour Emporium.
  5452 | D:5      | Found an ancient bone altar of Kikubaaqudgha.
  5466 | D:5      | Noticed a two-headed ogre
  5472 | D:5      | Killed a two-headed ogre
  5472 | D:5      | Reached skill level 5 in Unarmed Combat
  5826 | D:5      | Found a blossoming altar of Fedhas.
  5826 | D:5      | Found a radiant altar of Vehumet.
  6432 | D:6      | Reached skill level 5 in Dodging
  6466 | D:6      | Found a gate leading to a gauntlet.
  6513 | Gauntlet | Entered a Gauntlet
  6513 | Gauntlet | Found a transporter.
  6513 | Gauntlet | Found a transporter.
  6513 | Gauntlet | Found a runed translucent door.
  6520 | Gauntlet | Found a runed translucent door.
  6531 | Gauntlet | Found a transporter.
  6531 | Gauntlet | Found a transporter.
  6532 | Gauntlet | Identified a scroll of acquirement
  6535 | Gauntlet | Found a transporter.
  6535 | Gauntlet | Found a transporter.
  6557 | Gauntlet | Found a runed translucent door.
  6557 | Gauntlet | Found a runed translucent door.
  6561 | Gauntlet | Found a transporter.
  6562 | Gauntlet | Found the +10 Black Knight's horse barding {ponderous,
                  | rPois rN+}
  6565 | Gauntlet | Found a transporter.
  6573 | Gauntlet | Found a transporter.
  6574 | Gauntlet | Identified the +1 hat of Liberty {rC++ MR+ rCorr Str-5}
  6588 | Gauntlet | Identified the ring of Voki {rF++ Str+5}
  6589 | Gauntlet | Found a transporter.
  6601 | Gauntlet | Noticed a thrashing horror
  6603 | Gauntlet | Found a transporter.
  6607 | Gauntlet | Found a transporter.
  6642 | Gauntlet | Reached skill level 18 in Fighting
  6797 | Gauntlet | Killed a thrashing horror
  6803 | Gauntlet | Slain by a small abomination

Levels and vault maps discovered:
D:1:      arrival_aquarium_a, layout_basic, portal_sewer_entry_e
D:2:      layout_sewer, kennysheep_mini_moat, zin_purify, first_ration,
          serial_shops, kennysheep_mini, nemelex_xobeh_ov_fountains_minmay,
          uniq_ijyb, uniq_edmund
D:3:      layout_loops_ring, nicolae_qazlal_style_of_elements,
          minmay_misc_feat_enclosed
D:4:      layout_small_grid, lemuel_crystal_altar,
          nicolae_overflow_hidden_temple, minmay_temple_entry_drinking_statues,
          serial_shops, shop, uniq_gastronok, uniq_erica, uniq_grum
D:5:      miniossuary_kennysheep_ghosthouse, layout_long_grid,
          grunt_temple_overflow_champion_of_chaos, old_standard_altar,
          gammafunk_temple_overflow_pools, lair_entry_dummy, serial_shops, shop,
          grunt_ogre_cave
D:6:      layout_irregular_city, grunt_temple_overflow_diamond,
          kennysheep_orc_monster_closet_entryway, gauntlet_entry_generic
Temple:   compressed_dpeg_triangle_lava_temple
Gauntlet: minmay_gauntlet_77_indecision [minmay_gauntlet_arena_77_squiggly,
          minmay_gauntlet_arena_77_cramped, minmay_gauntlet_arena_77_shame_cube,
          minmay_gauntlet_arena_77_broken_ladder,
          minmay_gauntlet_arena_77_terracotta_army,
          minmay_gauntlet_arena_77_hold_the_fort, gauntlet_exit_green]

Skill      XL: |  1  2  3  4  5  6  7  8  9 10 11 |
---------------+----------------------------------+-----
Fighting       | 3 4 5 6 7 9 11 14 16 17 18 | 18.2
Unarmed Combat | 4 6 |  6.0
Dodging        | 4 5 |  5.5
Evocations     | |  2.0

Action                   |  1- 3 |  4- 6 |  7- 9 | 10-12 || total
-------------------------+-------+-------+-------+-------++-------
Melee: Unarmed           |    75 |   200 |   322 |   569 ||  1166
       Tailslap          |     6 |    14 |    34 |    65 ||   119
       Kick              |     6 |    24 |    64 |   130 ||   224
 Abil: Evoke Berserk Rag |       |       |     1 |       ||     1
  Use: Potion            |     1 |       |       |       ||     1
       Scroll            |       |       |       |     1 ||     1
 Stab: Sleeping          |       |       |    13 |    17 ||    30
  Eat: Chunk             |       |       |     9 |    12 ||    21
Armor: Skin              |     6 |    25 |    35 |   114 ||   180
Dodge: Dodged            |    26 |    46 |    83 |   190 ||   345
